 Dungeon Crawl Stone Soup version 0.22.1-1-ga44c0e56f4 (webtiles) character file.

7746 Cykl0x the Cleaver (level 11, -15/68 HPs)
             Began as a Gargoyle Fighter on Nov 8, 2018.
             Was a High Priest of Okawaru.
             Demolished by a white ugly thing (23 damage)
             ... on level 12 of the Dungeon.
             The game lasted 00:21:13 (8976 turns).

Cykl0x the Cleaver (Gargoyle Fighter)               Turns: 8976, Time: 00:21:14

Health: -15/68     AC: 25    Str: 21    XL:     11   Next: 20%
Magic:  0/11       EV:  6    Int:  9    God:    Okawaru [*****.]
Gold:   660        SH: 13    Dex: 11    Spells: 10/10 levels left

rFire    . . .     SeeInvis .   a - +2 war axe
rCold    . . .     Gourm    .   c - +2 shield
rNeg     + . .     Faith    .   t - +1 plate armour
rPois    ∞         Spirit   +   (no helmet)
rElec    +         Reflect  .   g - scarf {Spirit}
rCorr    .         Harm     .   z - +0 pair of gloves
MR       .....                  w - +0 pair of boots
Stlth    ..........             i - amulet of magic regeneration
HPRegen  0.21/turn              y - ring of stealth
MPRegen  0.37/turn              (no ring)

@: no status effects
A: negative energy resistance 1, electricity resistance, unbreathing,
petrification resistance, rot immunity, AC +8
a: Heroism, Finesse, Renounce Religion


You were on level 12 of the Dungeon.
You worshipped Okawaru.
Okawaru was extremely pleased with you.
You were hungry.

You visited 1 branch of the dungeon, and saw 11 of its levels.

You collected 660 gold pieces.

Inventory:

Hand Weapons
 a - a +2 war axe (weapon)
 b - a +1 spear of venom
Missiles
 m - 221 stones (quivered)
 E - 2 tomahawks
Armour
 c - a +2 shield (worn)
 g - a scarf of spirit shield (worn)
 t - a +1 plate armour (worn)
 w - a +0 pair of boots (worn)
 z - a +0 pair of gloves (worn)
Jewellery
 i - an amulet of magic regeneration (around neck)
 y - a ring of stealth (left hand)
Wands
 A - a wand of disintegration (5)
 F - a wand of polymorph (8)
Scrolls
 k - 4 scrolls of immolation
 l - 4 scrolls of teleportation
 o - a scroll of fear
 B - 2 scrolls of remove curse
 C - 2 scrolls of identify
Potions
 d - 2 potions of might
 e - a potion of flight
 h - 5 potions of lignification
 j - a potion of mutation
 n - 4 potions of agility
 p - 2 potions of magic
 q - a potion of ambrosia {unknown}
 r - a potion of invisibility {unknown}
 s - 3 potions of curing {unknown}
 u - a potion of degeneration {unknown}
 v - 3 potions of heal wounds
 x - a potion of berserk rage {unknown}
 D - a potion of brilliance {unknown}
Comestibles
 f - 17 rations


   Skills:
 + Level 7.8 Fighting
 + Level 11.0 Axes
 + Level 0.1 Throwing
 + Level 7.6 Armour
 + Level 2.3 Dodging
 + Level 0.6 Stealth
 + Level 8.8 Shields
 + Level 0.5 Invocations


You had 10 spell levels left.
You didn't know any spells.
Your spell library contained the following spells:

 Spells                   Type           Power        Failure   Level  Hunger
 Sandblast                Erth           #.....       100%        1    ##.....
 Passwall                 Tmut/Erth      #.......     100%        2    ###....
 Poisonous Vapours        Pois/Air       #.....       100%        2    ###....
 Conjure Flame            Conj/Fire      #.......     100%        3    ####...
 Mephitic Cloud           Conj/Pois/Air  #.......     100%        3    ####...
 Stone Arrow              Conj/Erth      #.....       100%        3    ####...
 Petrify                  Tmut/Erth      #.......     100%        4    #####..
 Lee's Rapid Deconstruct  Erth           #.........   100%        5    ######.
 Freezing Cloud           Conj/Ice/Air   #.........   100%        6    #######
 Ring of Flames           Chrm/Fire      #.........   100%        7    #######


Dungeon Overview and Level Annotations

Branches:
Dungeon (10/15)            Temple (0/1) D:7            Lair (0/6) D:9
    Orc: D:9-12

Altars:
Dithmenos
Okawaru
Qazlal
Trog

Annotations:
D:4 1 runed door, Zarkath's ghost, amateur DsGl


Innate Abilities, Weirdness & Mutations

You are resistant to torment.
Your stone body is resilient. (AC +8)
You are immune to poison.
You resist negative energy. (rN+)
You are resistant to electric shocks. (rElec)
You can survive without breathing.
You are immune to petrification.
You are immune to rotting.


Message History

You block the white ugly thing's attack.
You closely miss the white ugly thing.
The white ugly thing is heavily wounded.
The white ugly thing headbutts you! The white ugly thing freezes you!
* * * LOW HITPOINT WARNING * * *
You hit the white ugly thing.
The white ugly thing is severely wounded.
The white ugly thing headbutts you but does no damage.
Your plate armour prevents you from hitting the white ugly thing.
The white ugly thing is severely wounded.
You block the white ugly thing's attack.
You hit the white ugly thing but do no damage.
The white ugly thing is severely wounded.
You block the white ugly thing's attack.
Your shield and plate armour prevent you from hitting the white ugly thing.
The white ugly thing is severely wounded.
The white ugly thing headbutts you!
* * * LOW HITPOINT WARNING * * *
The white ugly thing freezes you!!
You die...

#####....# # ##..## #
#..## ##..# ##.##
#..### #....#####
#........######
#..######.@uSnF######
#..## #####Z......#
#..# ####....... #..#
....... #.# S...?..
.# u...... .......
....... ......#


You could see a white ugly thing, a necrophage, a bullfrog, an adder and a
centaur warrior skeleton.

Vanquished Creatures
  Pikel (D:6)
  An ugly thing (D:12)
  2 trolls (D:10)
  Grinder (D:3)
  A wyvern (D:9)
  2 vampires
  7 yaks
  3 hogs (D:7)
  A human (D:7)
  2 hungry ghosts
  Menkaure (D:6)
  A sky beast (D:9)
  2 water moccasins
  An ice beast (D:5)
  5 orc warriors
  2 slaves (D:6)
  An ogre (D:5)
  2 phantoms
  A necrophage (D:7)
  3 centaurs
  3 big kobolds
  4 bullfrogs
  A gnoll sergeant (D:9)
  5 scorpions
  3 killer bees (D:9)
  4 howler monkeys
  4 bullfrog zombies
  4 crimson imps
  A centaur zombie (D:7)
  A centaur skeleton (D:9)
  4 orc priests
  4 hounds
  7 orc wizards
  A bullfrog skeleton (D:4)
  Natasha (twice) (D:2)
  4 iguanas
  5 worker ants
  A hound skeleton (D:9)
  A worker ant zombie (D:9)
  5 gnolls (D:9)
  4 adders
  3 oozes
  2 adder skeletons
  3 worms
  A dart slug (D:1)
  4 leopard geckos
  50 orcs
  7 giant cockroaches
  3 hobgoblins
  12 jackals
  16 kobolds
  3 quokkas
  6 bats
  7 frilled lizards
  5 goblins
  2 quokka skeletons
  3 rats
235 creatures vanquished.

Notes
Turn   | Place    | Note
-------+----------+-------------------------------------------
     0 | D:1      | Cykl0x the Gargoyle Fighter began the quest for the Orb.
     0 | D:1      | Reached XP level 1. HP: 14/14 MP: 1/1
   180 | D:1      | Reached XP level 2. HP: 8/20 MP: 2/2
   608 | D:1      | Reached skill level 2 in Axes
   701 | D:1      | Reached XP level 3. HP: 24/24 MP: 3/3
  1162 | D:2      | Reached XP level 4. HP: 17/29 MP: 2/4
  1457 | D:2      | Noticed Natasha
  1462 | D:2      | Reached XP level 5. HP: 29/33 MP: 5/5
  1468 | D:2      | Killed Natasha
  1468 | D:2      | Reached skill level 3 in Axes
  1617 | D:2      | Noticed Natasha
  1626 | D:2      | Killed Natasha
  2203 | D:3      | Noticed Grinder
  2211 | D:3      | Paralysed by Grinder for 4 turns
  2219 | D:3      | Killed Grinder
  2219 | D:3      | Reached skill level 4 in Axes
  2219 | D:3      | Reached skill level 1 in Dodging
  2219 | D:3      | Reached XP level 6. HP: 31/39 MP: 4/6
  2683 | D:4      | Found a runed door.
  2697 | D:4      | Noticed Zarkath's ghost (amateur DsGl)
  2752 | D:4      | Reached XP level 7. HP: 44/44 MP: 7/7
  3452 | D:5      | Entered Level 5 of the Dungeon
  3470 | D:5      | Reached skill level 5 in Axes
  3530 | D:5      | Reached skill level 5 in Shields
  3535 | D:5      | Reached skill level 5 in Armour
  3609 | D:5      | Reached XP level 8. HP: 43/48 MP: 8/8
  3722 | D:5      | Found an iron altar of Okawaru.
  3725 | D:5      | Became a worshipper of Warmaster Okawaru
  3745 | D:4      | Found a shadowy altar of Dithmenos.
  4055 | D:5      | Reached skill level 6 in Axes
  4247 | D:5      | Reached skill level 5 in Fighting
  4456 | D:6      | Found a shadowy altar of Dithmenos.
  4462 | D:6      | Noticed Menkaure
  4475 | D:6      | Killed Menkaure
  4521 | D:6      | Noticed Pikel
  4543 | D:6      | Killed Pikel
  4543 | D:6      | Reached * piety under Okawaru
  4543 | D:6      | Reached skill level 7 in Axes
  4543 | D:6      | Reached XP level 9. HP: 47/54 MP: 9/9
  5066 | D:7      | Reached ** piety under Okawaru
  5106 | D:7      | Reached skill level 8 in Axes
  5446 | D:7      | Found a staircase to the Ecumenical Temple.
  5655 | D:7      | Found a bloodstained altar of Trog.
  5771 | D:7      | Reached *** piety under Okawaru
  5797 | D:7      | Reached XP level 10. HP: 39/61 MP: 10/10
  5804 | D:7      | Reached skill level 9 in Axes
  7160 | D:9      | Reached **** piety under Okawaru
  7445 | D:9      | Reached skill level 10 in Axes
  7684 | D:9      | Found a staircase to the Lair.
  7895 | D:9      | Reached ***** piety under Okawaru
  7962 | D:9      | Found a stormy altar of Qazlal.
  8082 | D:9      | Reached XP level 11. HP: 67/67 MP: 11/11
  8454 | D:10     | Entered Level 10 of the Dungeon
  8886 | D:10     | You fall through a shaft for 2 floors!
  8931 | D:12     | Noticed a green ugly thing
  8932 | D:12     | Noticed a cyan ugly thing
  8962 | D:12     | Killed a cyan ugly thing
  8962 | D:12     | Reached skill level 11 in Axes
  8976 | D:12     | Demolished by a white ugly thing

Skill      XL: |  1  2  3  4  5  6  7  8  9 10 11 |
---------------+----------------------------------+-----
Axes           | 2 4 5 7 8 10 11 | 11.0
Fighting       | 4 5 6 7 |  7.8
Armour         | 4 5 6 7 |  7.6
Shields        | 4 5 6 7 8 |  8.8
Dodging        | 1 2 |  2.3
Throwing       | |  0.1
Stealth        | |  0.6
Invocations    | |  0.5

Action                   |  1- 3 |  4- 6 |  7- 9 | 10-12 || total
-------------------------+-------+-------+-------+-------++-------
Melee: War axe           |    73 |   131 |   387 |   501 ||  1092
       Unarmed           |       |       |       |     2 ||     2
Throw: Stone             |       |       |     2 |     6 ||     8
Invok: Heroism           |       |       |     1 |     7 ||     8
       Finesse           |       |       |       |     1 ||     1
Evoke: Wand              |       |       |       |     3 ||     3
  Use: Scroll            |     1 |     4 |    11 |     8 ||    24
       Potion            |       |       |     1 |       ||     1
  Eat: Chunk             |       |     4 |     9 |    12 ||    25
       Ration            |       |     1 |       |     1 ||     2
Armor: Scale mail        |    35 |    62 |    25 |       ||   122
       Chain mail        |       |       |    33 |       ||    33
       Plate armour      |       |       |   177 |   277 ||   454
Dodge: Dodged            |    21 |    43 |   103 |    90 ||   257
Block: Shield            |    45 |    77 |   215 |   275 ||   612
